 Dungeon Crawl Stone Soup version 0.15-a0-1387-gd422dff (webtiles) character file.

5631 Chiseanne the Ducker (level 10, -13/53 HPs)
             Began as a Vine Stalker Monk on June 9, 2014.
             Was an Initiate of Gozag.
             Mangled by a komodo dragon (18 damage)
             ... on Level 1 of the Lair of Beasts.
             The game lasted 00:37:49 (8374 turns).

Chiseanne the Ducker (Vine Stalker Monk)            Turns: 8374, Time: 00:37:49

HP -13/53        AC 11     Str 17      XL: 10   Next: 74%
MP   0/13        EV 22     Int 13      God: Gozag
Gold 205         SH  9     Dex 24      Spells:  0 memorised,  9 levels left

rFire  . . .     SeeInvis .     w - +6,+1 dagger of Variability {stab, Int+3}
rCold  + + .     Clarity  .     h - +1 ring mail {rC+}
rNeg   + + .     rCorr    .     i - +2 buckler
rPois  +         rRot     +     p - +2 hat
rElec  .         Spirit   +     y - +0 cloak
SustAb .         Warding  +     (no gloves)
rMut   .         Stasis   .     t - +0 pair of boots of Autumn {Stlth+}
Gourm  .                        D - amulet of warding
MR     +....                    f - ring of protection from cold
                                v - ring of positive energy

@: agile, very slightly contaminated, hasted, very quick, somewhat resistant to
hostile enchantments, stealthy
A: fangs 3, agile 1, poison resistance, regeneration 2, magic shield, antimagic
bite, no device heal 3, rot immunity, forlorn
a: Potion Petition, Call Merchant, Bribe Branch, Renounce Religion


You were on level 1 of the Lair of Beasts.
You worshipped Gozag.
Gozag was noncommittal.
You were not hungry.

You visited 3 branches of the dungeon, and saw 12 of its levels.

You collected 955 gold pieces.
You spent 750 gold pieces at shops.

Inventory:

Hand weapons
 a - a +1,+1 short sword of venom
 r - a +1,+1 whip of pain
 w - the +6,+1 dagger of Variability (weapon) {stab, Int+3}
   (You took it off an orc on level 8 of the Dungeon)

   It inflicts extra damage upon your enemies.
   It affects your intelligence (+3).
 z - a +0,+1 flail of pain
 C - a +0 blowgun
Missiles
 A - 4 poisoned needles
Armour
 h - a +1 ring mail of cold resistance (worn)
 i - a +2 buckler (worn)
 p - a +2 hat (worn)
 t - the +0 pair of boots of Autumn (worn) {Stlth+}
   (You found it on level 5 of the Dungeon)

   It makes you more stealthy.
 x - a +0 helmet
 y - a +0 cloak (worn)
Magical devices
 k - a wand of digging (6)
 o - a wand of confusion (1)
Comestibles
 b - 5 bread rations
 d - 5 meat rations
 n - a royal jelly
 s - a fruit
Scrolls
 g - 5 scrolls of remove curse
 l - 16 scrolls of identify
 u - a scroll of recharging
 B - a scroll of blinking
Jewellery
 f - a ring of protection from cold (right hand)
 j - a cursed ring of flight
 v - a ring of positive energy (left hand)
 D - an amulet of warding (around neck)
Potions
 e - 7 potions of curing
Books
 c - a book of Hinderance

   Spells                             Type                      Level
   Confusing Touch                    Hexes                        2
   Confuse                            Hexes                        3
   Petrify                            Transmutation/Earth          4
   Leda's Liquefaction                Hexes/Earth                  4
   Metabolic Englaciation             Hexes/Ice                    5
   Summon Mana Viper                  Hexes/Summoning              5


   Skills:
 * Level 6.1 Fighting
 * Level 5.4 Short Blades
 * Level 6.1 Armour
 * Level 7.4 Dodging
 * Level 2.4 Stealth
 * Level 5.8 Shields
 - Level 4.3 Unarmed Combat


You had 9 spell levels left.
You didn't know any spells.

Dungeon Overview and Level Annotations

Branches:
Dungeon (10/15)            Temple (1/1) D:6            Lair (1/8) D:9
    Orc: D:9-12

Altars:
Ashenzari
Cheibriados
Dithmenos
Elyvilon
Fedhas
Gozag
Kikubaaqudgha
Makhleb
Nemelex Xobeh
Okawaru
Qazlal
Sif Muna
Trog
Vehumet
Xom
Yredelemnul
Zin
The Shining One

Shops:
D:9 [=

Annotations:
D:8 nsdk123's ghost, experienced CeFi


Innate Abilities, Weirdness & Mutations

You have razor-sharp teeth.
You heal very quickly.
When hurt, damage is shared between your health and your magic reserves.
Your bite disrupts and absorbs the magic of your enemies.
Potions and wands cannot restore your health.
You are immune to rotting.
You are agile. (Dex +2)
Your system is resistant to poisons.
You have difficulty communicating with the divine.


Message History

* * * LOW HITPOINT WARNING * * *
A spiny frog comes into view.
Drink which item? (? for menu, Esc to quit)
You feel yourself speed up. You block the komodo dragon's attack.
You are very lightly contaminated with residual magic.
You hit the komodo dragon.
The komodo dragon is heavily wounded.
The komodo dragon bites you but does no damage.
You hit the komodo dragon but do no damage.
You bite the komodo dragon! You drain its power.
You feel invigorated.
The komodo dragon is severely wounded.
You hit the komodo dragon but do no damage.
You bite the komodo dragon. You drain its power.
You feel invigorated.
The komodo dragon is almost dead.
You hit the komodo dragon but do no damage.
You bite the komodo dragon, but do no damage.
The komodo dragon is almost dead.
The komodo dragon bites you!!
You die...
Your body crumbles into a pile of gold.

### #####
#####.###@..# #
##....<..l.#F#
.#
####...########
# #. #.....##
.. ##.####
#.###.# ......#
#...### .####


You could see a komodo dragon and a spiny frog (sleeping).

Vanquished Creatures
  A spiny frog (D:9)
  A two-headed ogre (D:8)
  Prince Ribbit (D:7)
  A blink frog (D:9)
  A basilisk (Lair:1)
  3 yaks (D:9)
  A hungry ghost (D:8)
  A steam dragon (D:8)
  Edmund (D:6)
  A hippogriff (D:7)
  Menkaure (D:6)
  The ghost of Chiseanne the Ruffian, an average VSMo (D:3)
  An orc warrior (D:8)
  2 necrophages
  7 ogres
  2 centaurs
  Sigmund (D:7)
  Duvessa (D:8)
  A big kobold (D:9)
  A crocodile (Lair:1)
  3 giant frogs
  Blork the orc (D:5)
  3 gnoll sergeants (D:9)
  4 killer bees (D:7)
  3 wights (D:7)
  3 hounds (D:9)
  2 goliath beetles
  Dowan (D:8)
  5 crimson imps
  A yellow wasp zombie (D:8)
  An orc wizard (D:8)
  3 jellies
  3 orc priests
  2 gnoll shamans
  A black bear skeleton (D:3)
  A centaur skeleton (D:8)
  Natasha (thrice) (D:4)
  2 iguanas (D:9)
  5 worker ants
  A killer bee zombie (D:5)
  A sheep (D:9)
  A mummy (D:9)
  A worker ant zombie (D:6)
  19 gnolls
  9 adders
  2 shadow imps
  3 inept feature mimics
  3 worms
  A goliath beetle zombie (D:5)
  An inept item mimic (D:9)
  2 iguana skeletons (D:5)
  6 giant geckos
  An ooze (D:6)
  21 orcs
  6 giant cockroaches
  9 goblins
  14 hobgoblins
  3 jackals
  6 quokkas
  9 bats
  4 giant newts
  A hobgoblin zombie (D:6)
  18 kobolds
  14 rats
233 creatures vanquished.

Vanquished Creatures (collateral kills)
  2 gnolls (D:9)
2 creatures vanquished.

Vanquished Creatures (others)
  A rat (D:9)
1 creature vanquished.

Grand Total: 236 creatures vanquished

Notes
Turn   | Place    | Note
--------------------------------------------------------------
     0 | D:1      | Chiseanne, the Vine Stalker Monk, began the quest for the Orb.
     0 | D:1      | Reached XP level 1. HP: 11/11 MP: 1/1
   246 | D:1      | Reached XP level 2. HP: 10/16 MP: 3/3
   781 | D:2      | Reached XP level 3. HP: 15/19 MP: 4/4
  1283 | D:3      | Noticed an ogre
  1292 | D:3      | Noticed Chiseanne's ghost (average VSMo)
  1481 | D:3      | Noticed an ogre
  1541 | D:3      | Killed an ogre
  1541 | D:3      | Reached skill level 1 in Armour
  1541 | D:3      | Reached skill level 1 in Shields
  1541 | D:3      | Reached XP level 4. HP: 16/24 MP: 5/5
  1541 | D:3      | Reached XP level 5. HP: 18/28 MP: 7/7
  1620 | D:3      | Gained mutation: Your system is resistant to poisons. [potion of mutation]
  1620 | D:3      | Gained mutation: You are agile. (Dex +2) [potion of mutation]
  1620 | D:3      | Gained mutation: You have difficulty communicating with the divine. [potion of mutation]
  1702 | D:3      | Killed an ogre
  1702 | D:3      | Reached skill level 1 in Short Blades
  1782 | D:3      | Gained mutation: You heal very quickly. [vine stalker growth]
  1782 | D:3      | Reached XP level 6. HP: 16/32 MP: 6/8
  1996 | D:3      | Killed Chiseanne's ghost
  2490 | D:4      | Reached XP level 7. HP: 32/37 MP: 7/9
  2572 | D:4      | Found an iron altar of Okawaru.
  2607 | D:4      | Found a glowing silver altar of Zin.
  2607 | D:4      | Found a glowing golden altar of the Shining One.
  2758 | D:4      | Noticed Natasha
  2767 | D:4      | Killed Natasha
  2901 | D:4      | Noticed Natasha
  2902 | D:4      | Killed Natasha
  3027 | D:4      | Noticed Natasha
  3031 | D:4      | Killed Natasha
  3112 | D:5      | Entered Level 5 of the Dungeon
  3550 | D:5      | Gained mutation: You have razor-sharp teeth. [vine stalker growth]
  3550 | D:5      | Reached XP level 8. HP: 30/42 MP: 11/11
  3632 | D:5      | Noticed Blork the orc
  3763 | D:5      | Killed Blork the orc
  4099 | D:5      | Got a pair of fine boots
  4102 | D:5      | Identified the +0 pair of boots of Autumn {Stlth+} (You found it on level 5 of the Dungeon)
  4267 | D:6      | Noticed Menkaure
  4267 | D:6      | Noticed Edmund
  4351 | D:6      | Killed Edmund
  4653 | D:6      | Found a staircase to the Ecumenical Temple.
  4740 | Temple   | Entered the Ecumenical Temple
  5133 | D:6      | Killed Menkaure
  5295 | D:6      | Reached skill level 5 in Dodging
  5315 | D:6      | Reached XP level 9. HP: 46/46 MP: 12/12
  5469 | D:7      | Noticed Sigmund
  5495 | D:7      | Killed Sigmund
  5495 | D:7      | Reached skill level 5 in Armour
  5526 | D:7      | Found an ancient bone altar of Kikubaaqudgha.
  5563 | D:7      | Noticed Prince Ribbit
  5579 | D:7      | Killed Prince Ribbit
  5579 | D:7      | Reached skill level 5 in Fighting
  5587 | D:7      | Found a white marble altar of Elyvilon.
  5887 | D:7      | Found an opulent altar of Gozag.
  5894 | D:7      | Became a worshipper of Gozag Ym Sagoz the Greedy
  6100 | D:8      | Noticed Dowan
  6126 | D:8      | Noticed nsdk123's ghost (experienced CeFi)
  6269 | D:8      | Reached skill level 6 in Dodging
  6406 | D:8      | Noticed Duvessa
  6414 | D:8      | Killed Duvessa
  6416 | D:8      | Killed Dowan
  6602 | D:8      | Reached XP level 10. HP: 52/52 MP: 13/13
  6676 | D:8      | Reached skill level 5 in Shields
  6687 | D:8      | Got a bloodstained dagger
  6688 | D:8      | Identified the +6,+1 dagger of Variability {stab, Int+3} (You took it off an orc on level 8 of the Dungeon)
  6945 | D:9      | Found a snail-covered altar of Cheibriados.
  7008 | D:9      | Found a staircase to the Orcish Mines.
  7009 | D:9      | Found Adaxupla's Antique Armour Boutique.
  7014 | D:9      | the staircase to the Orcish Mines was a mimic.
  7025 | D:9      | Bought a pair of brightly glowing boots for 190 gold pieces
  7030 | D:9      | Identified the cursed -5 pair of boots of Qiaq {Stlth++ Curse} (You bought it in a shop on level 9 of the Dungeon)
  7039 | D:9      | Found Vusoly's Jewellery Boutique.
  7178 | D:9      | Reached skill level 5 in Short Blades
  7193 | D:9      | Found a staircase to the Lair.
  7202 | D:9      | Noticed a death yak
  7506 | D:9      | Reached skill level 7 in Dodging
  7535 | D:9      | Paralysed by a potion of paralysis for 4 turns
  7652 | D:9      | Bought a dazzling plate armour for 560 gold pieces
  7670 | D:9      | Identified the +2 plate armour "Coud" {Stlth+} (You bought it in a shop on level 9 of the Dungeon)
  8279 | D:10     | Entered Level 10 of the Dungeon
  8318 | Lair:1   | Entered Level 1 of the Lair of Beasts
  8366 | Lair:1   | HP: 2/53 [komodo dragon (7)]
  8374 | Lair:1   | Mangled by a komodo dragon

Action                   |  1- 3 |  4- 6 |  7- 9 | 10-12 || total
-------------------------+-------+-------+-------+-------++-------
Melee: Short sword       |    52 |    72 |   476 |    17 ||   617
       Unarmed           |     1 |       |       |       ||     1
       Dagger            |       |       |       |   324 ||   324
Evoke: Wand              |       |       |     7 |     2 ||     9
  Use: Scroll            |     2 |     1 |     9 |     2 ||    14
       Potion            |     1 |     3 |     5 |     4 ||    13
 Stab: Sleeping          |     4 |       |     4 |     3 ||    11
